 Dungeon Crawl Stone Soup version 0.30-a0-476-g330ca2eb8e (webtiles) character file.

Game seed: 8810722034790637778

159676 Shayle the Scorcher (level 17, -12/213 HPs)
             Began as a Demonspawn Reaver on Dec 17, 2022.
             Was an Elder of Ashenzari.
             Shot with a bolt by a +0 arbalest (23 damage)
             ... on level 2 of the Elven Halls on Dec 21, 2022.
             The game lasted 03:13:26 (47202 turns).

Shayle the Scorcher (Demonspawn Reaver)            Turns: 47202, Time: 03:13:26

Health: -12/213    AC: 20    Str: 13    XL:     17   Next: 16%
Magic:  0/32       EV: 20    Int: 31    God:    Ashenzari [****..]
Gold:   2326       SH:  0    Dex: 12    Spells: 8/38 levels left

rFire   + . .      SeeInvis +    I - +2 war axe (vorpal)
rCold   . . .      Faith    .    (no shield)
rNeg    . . .      Spirit   +    b - +1 troll leather armour "Malaise of Ashenzari" {Regen+, Elem, Fort} (curse)
rPois   .          Reflect  .    n - +2 helmet {Int+3}
rElec   .          Harm     .    L - +2 cloak "Gaze Upon Infinity" {rF+, Evo, Melee} (curse)
rCorr   .          Rampage  +    (gloves unavailable)
Will    +....      Clarity  +    M - +1 pair of boots of the Ensconced Planets {rampage, Bglg, Self} (curse)
Stlth   ..........               d - amulet "Thunder Perfect Mind" {Spirit, Alch, Self} (curse)
HPRegen 1.35/turn                J - ring "Portent of Ashenzari" {Int+6, Bglg, Alch} (curse)
MPRegen 0.23/turn                p - ring "Thunder Perfect Mind" {AC+4, Evo, Self} (curse)

@: mighty, agile, berserking, repel missiles, very quick
A: claws 3, repulsion field 3, powered by death 1, powered by pain 1
a: Renounce Religion, Curse Item, Shatter the Chains


You were on level 2 of the Elven Halls.
You worshipped Ashenzari.
Ashenzari was greatly pleased with you.
You visited 6 branches of the dungeon, and saw 28 of its levels.
You also visited: Sewer, Gauntlet and Volcano.

You collected 3416 gold pieces.
You spent 1090 gold pieces at shops.

Inventory:

Hand Weapons
 G - a +3 flail of venom
 I - a +2 vorpal war axe (weapon)
Missiles
 h - 2 throwing nets
Armour
 b - the cursed +1 troll leather armour "Malaise of Ashenzari" (worn) {Regen+, Elem, Fort}
   (You found it on level 10 of the Dungeon)

   Regen:     It increases your rate of health regeneration.
   It has a curse which improves the following skills: Elements: Fire Magic, Ice
   Magic, Air Magic and Earth Magic.
   Fortitude: Armour and Shields.
 n - a +2 helmet of intelligence (worn)
 s - the +5 kite shield of Yfiun {rC+ Dex+7 Stlth-}
   (You found it on level 13 of the Dungeon)

   Dex:       It affects your dexterity (+7).
   rC:        It protects you from cold.
   Stlth:     It makes you less stealthy.
 L - the cursed +2 cloak "Gaze Upon Infinity" (worn) {rF+, Evo, Melee}
   (You found it in a volcano)

   It has a curse which improves the following skills: Evocations: Evocations.
   Melee Combat: Short Blades, Long Blades, Axes, Maces & Flails, Polearms,
   Staves and Unarmed Combat.
 M - the cursed +1 pair of boots of the Ensconced Planets (worn) {rampage, Bglg, Self}
   (You found it in a volcano)

   It has a curse which improves the following skills: Beguiling: Conjurations,
   Hexes and Translocations.
   Introspection: Fighting and Spellcasting.
Magical Staves
 l - a staff of air
Jewellery
 d - the cursed amulet "Thunder Perfect Mind" (around neck) {Spirit, Alch, Self}
   (You found it on level 2 of the Lair of Beasts)

   [amulet of guardian spirit]

   It causes incoming damage to be divided between your reserves of health and
   magic.
   It has a curse which improves the following skills: Alchemy: Poison Magic and
   Transmutations.
   Introspection: Fighting and Spellcasting.
 g - an amulet of regeneration
 p - the cursed ring "Thunder Perfect Mind" (right claw) {AC+4, Evo, Self}
   (You found it on level 3 of the Dungeon)

   [ring of protection]

   AC:        It affects your AC (+4).
   It has a curse which improves the following skills: Evocations: Evocations.
   Introspection: Fighting and Spellcasting.
 y - a +6 ring of intelligence
 E - the ring "Bihesequ" {rElec rC+ AC+4 Str+3}
   (You found it on level 2 of the Elven Halls)

   [ring of protection]

   AC:        It affects your AC (+4).
   Str:       It affects your strength (+3).
   rC:        It protects you from cold.
   rElec:     It insulates you from electricity.
 J - the cursed ring "Portent of Ashenzari" (left claw) {Int+6, Bglg, Alch}
   (You found it on level 1 of the Lair of Beasts)

   [ring of intelligence]

   Int:       It affects your intelligence (+6).
   It has a curse which improves the following skills: Beguiling: Conjurations,
   Hexes and Translocations.
   Alchemy:   Poison Magic and Transmutations.
Wands
 a - a wand of flame (8)
 t - a wand of digging (7)
 u - a wand of paralysis (14)
 w - a wand of light (2)
Scrolls
 c - 3 scrolls of poison
 q - 8 scrolls of teleportation
 v - 3 scrolls of blinking
 z - a scroll of enchant weapon
 A - 2 scrolls of magic mapping
 C - 6 scrolls of fog
 D - a scroll of enchant armour
 K - 4 scrolls of silence
Potions
 f - 3 potions of resistance
 i - a potion of lignification
 j - 14 potions of curing
 k - a potion of haste
 m - 3 potions of flight
 r - 4 potions of brilliance
 x - 2 potions of mutation
 B - 2 potions of cancellation
 F - 3 potions of might
 N - 2 potions of berserk rage
Miscellaneous
 e - a phantom mirror


   Skills:
 - Level 11.6(15.5) Fighting
 - Level 2.6(4.3) Axes
 - Level 7.8(9.8) Armour
 - Level 1.7 Dodging
 - Level 3.4 Stealth
 + Level 4.0(5.8) Shields
 - Level 7.4(11.3) Spellcasting
 - Level 9.3(12.2) Conjurations
 - Level 7.6 Necromancy
 * Level 5.9(8.9) Transmutations
 + Level 17.2(19.0) Fire Magic
 - Level 5.7(7.7) Ice Magic
 - Level 6.9(8.9) Air Magic
 + Level 8.3(10.3) Earth Magic
 - Level 6.3(9.3) Evocations


You had 8 spell levels left.
You knew the following spells:

 Your Spells              Type           Power      Damage    Failure   Level
a - Kiss of Death         Conj/Necr      100%       2d13      1%          1
b - Hailstorm             Conj/Ice       68%        3d14      1%          3
c - Stone Arrow           Conj/Erth      100%       3d13      1%          3
d - Arcjolt               Conj/Air       35%        1d45      1%          5
e - Sticky Flame          Conj/Fire      86%        2d10      1%          4
f - Ignition              Fire           47%        3d13      9%          8
g - Statue Form           Tmut/Erth      44%        N/A       10%         6

Your spell library contained the following spells:

 Spells                   Type           Power      Damage    Failure   Level
 Momentum Strike          Conj/Tloc      100%       3d10      1%          2
 Static Discharge         Conj/Air       100%       2-7/arc   1%          2
 Wereblood                Tmut           64%        N/A       1%          2
 Ignite Poison            Fire/Tmut/Pois 66%        N/A       1%          3
 Kindle Blastsparks       Fire/Tloc/Air  100%       2d18      1%          3
 Vhi's Electric Charge    Tloc/Air       92%        N/A       1%          3
 Lee's Rapid Deconstruct  Erth           34%        3d17*     1%          5
 Lightning Bolt           Conj/Air       35%        1d53      1%          5
 Fulminant Prism          Conj/Hex       27%        3d14      2%          4
 Iskenderun's Mystic Bla  Conj/Tloc      54%        2d12      2%          4
 Animate Armour           Summ/Erth      98%        N/A       4%          4
 Summon Lightning Spire   Summ/Air       45%        N/A       5%          4
 Gell's Gravitas          Tloc           19%        N/A       9%          3
 Teleport Other           Tloc           19%        N/A       9%          3
 Manifold Assault         Tloc           19%        N/A       28%         4
 Storm Form               Tmut/Air       32%        N/A       58%         7
 Lehudib's Crystal Spear  Conj/Erth      36%        10d9      91%         8
 Dispersal                Tloc           9%         N/A       99%         6
 Maxwell's Capacitive Co  Air            32%        ∞         99%         8
 Disjunction              Tloc           9%         N/A       100%        8


Dungeon Overview and Level Annotations

Branches:
Dungeon (14/15)            Temple (1/1) D:4            Lair (5/5) D:8
 Shoals (4/4) Lair:3        Snake (0/4) Lair:3        Slime (0/5) Lair:4
    Orc (2/2) D:9             Elf (2/3) Orc:2        Vaults (0/5) D:13
  Sewer (visited)         Volcano (visited)         Gauntlet (visited)

Altars:
Ashenzari
Cheibriados
Dithmenos
Fedhas
Gozag
Hepliaklqana
Kikubaaqudgha
Makhleb
Nemelex Xobeh
Okawaru
Qazlal
Ru
Sif Muna
Trog
Uskayaw
Vehumet
Wu Jian
Xom
Yredelemnul
Jiyva

Shops:
D:4 ?   D:7 *   D:12 *   Orc:2 ?[[*

Annotations:
D:12 2 transporters, Foxy's ghost, journeyman TeCj
D:14 Agnes
Lair:2 exclusion: oklob plant
Shoals:2 2 transporters, exclusion: orange crystal statue
Shoals:4 Aizul; Donald; Nikola


Innate Abilities, Weirdness & Mutations

You have claws for hands.
You are surrounded by a strong repulsion field. (EV +4, RMsl)
You regenerate a little health from kills.
You sometimes gain a little power by taking damage.


Message History

You hear the stately tolling of a very distant bell.
The +0 arbalest shoots a bolt.
The bolt hits you!!
You focus on the pain.
You feel very mighty all of a sudden.
Unknown command.
You feel better.
The +0 arbalest shoots a bolt.
The bolt hits you!!
Unknown command.
You feel better.
The +0 arbalest shoots a bolt.
The bolt hits you!!
* * * LOW HITPOINT WARNING * * *
Unknown command.
Casting: Stone Arrow (safe; 1% risk of failure)
Confirm with . or Enter, or press ? or * to list all spells.
You don't have enough magic to cast this spell.
You feel much better. The +0 arbalest hits you!
A red film seems to cover your vision as you go berserk!
You feel yourself moving faster!
You feel mighty!
The +0 arbalest shoots a bolt.
The bolt hits you!!
* * * LOW HITPOINT WARNING * * *
You focus on the pain.
You feel agile all of a sudden.
The +0 arbalest shoots a bolt.
The bolt barely misses you.
You slash the +0 arbalest!
The +0 arbalest is severely damaged.
You hit the +0 arbalest but do no damage.
The +0 arbalest shoots a bolt.
The bolt hits you!!
* * * LOW HITPOINT WARNING * * *
The +0 arbalest shoots a bolt.
The bolt hits you!!
* * * LOW HITPOINT WARNING * * *
You focus on the pain.
You feel mightier all of a sudden.
A +0 triple crossbow comes into view.
You closely miss the +0 arbalest.
The +0 arbalest is severely damaged.
You barely miss the +0 arbalest.
The +0 arbalest shoots a bolt.
The bolt hits you!
* * * LOW HITPOINT WARNING * * *
You focus on the pain.
You feel mightier all of a sudden.
The +0 arbalest shoots a bolt.
The bolt completely misses you.
The +0 arbalest shoots a bolt.
The bolt hits you!!
You die...

,,,,*#.............(...#,,,,,*,,,
,,,**#........)........#,,,,,*,,,
,,** #.....)...(.......#,,,,,*,,,
,,** #........)........#,,,,,*,,,
,,,**#.................#,,,,,*,,,
*,,,*#.................#,,,,,+,,,
,,,**#........(........#,,,,,*,,,
,,** #...............).#.,,,,*,,,
,,** #........(.@......#.,,,,*,,,
,,,**#####....(####....#.,,,,*,,,
,,,,* *#.......{,**....+,,,,,*,,,
,,,,* *..........,*....#,,,,,*,,,
,,,,***...........*,...#.,,,,*,,,
,,,+**,........(...,,..#.,,,,*,,,
,,*+,+,.............,,,*,,,,,*,,,
,,**,+,.......(......,,*,,,,,*,,,
,,*+,+,,,,,,,,,,,,,,,,,*,,,,,*,,,


You could see 2 dancing weapons.

Vanquished Creatures
  Jorgrun (Orc:2)
  Rupert (D:14)
  Polyphemus (Shoals:3)
  A kraken (Shoals:2)
  Ilsuiw (Shoals:3)
  A deep elf sorcerer (Elf:1)
  An orc warlord (D:9)
  A deep elf demonologist (Elf:1)
  A minotaur (Gauntlet)
  2 deep elf annihilators (Elf:1)
  2 merfolk javelineers
  2 merfolk impalers
  A deep elf high priest (Elf:1)
  2 fire dragons
  A vault guard (D:13)
  6 hydras
  2 merfolk avatars
  5 ogre magi
  A boulder beetle (Lair:4)
  17 two-headed ogres
  2 catoblepae
  4 merfolk aquamancers
  6 dancing weapons
  11 death yaks
  3 orc high priests
  10 deep elf knights (Elf:1)
  8 sea snakes
  8 deep elf archers
  Pikel (D:6)
  6 lindwurms
  7 orc knights
  11 deep elf zephyrmancers (Elf:1)
  10 harpies
  3 ugly things
  11 deep elf pyromancers
  3 wolf spiders
  4 cyclopes
  7 manticores
  7 fauns (Shoals:1)
  A moth of wrath (Gauntlet)
  5 merfolk sirens
  6 elephants (Lair:4)
  3 black mambas
  5 torpor snails (Lair:5)
  2 smoke demons (Volcano)
  A gargoyle (D:13)
  2 water nymphs (Shoals:1)
  A minotaur zombie (Gauntlet)
  12 cane toads
  2 efreet
  5 rime drakes
  10 komodo dragons
  A kobold demonologist (D:7)
  A queen bee (Gauntlet)
  4 tyrant leeches (Lair:5)
  10 polar bears
  17 merfolk
  7 trolls
  3 meliai (D:13)
  A polar bear (shapeshifter) (Elf:1)
  6 wind drakes
  6 hornets (Lair:5)
  17 blink frogs
  13 dream sheep
  A jumping spider (shapeshifter) (D:13)
  9 snapping turtles
  4 shadows
  17 water elementals
  A wraith (D:11)
  3 wyverns
  6 fire elementals
  3 basilisks
  37 yaks
  4 steam dragons (Volcano)
  7 vampire mosquitoes (D:13)
  Menkaure (D:7)
  Edmund (D:5)
  11 wargs
  2 acid dragons
  4 nagas (Lair:3)
  7 water moccasins
  23 hell hounds
  24 orc warriors
  12 black bears
  3 ice beasts
  2 sky beasts (D:6)
  39 ogres
  44 wolves
  3 centaurs
  A lemure (D:6)
  2 phantoms
  A kobold brigand (D:6)
  An earth elemental (Elf:1)
  9 bullfrogs
  A gnoll sergeant (D:9)
  A necrophage (D:7)
  2 scorpions
  10 wights
  20 killer bees
  3 howler monkeys (D:9)
  4 electric eels
  A lava snake (D:13)
  3 jellies
  24 orc priests
  9 hounds
  Jessica (D:2)
  4 iguanas (D:5)
  21 orc wizards
  6 ogre zombies (D:9)
  6 gnolls
  18 adders
  3 river rats (Sewer)
  A shadow imp (D:7)
  A white imp (D:5)
  3 worms
  7 dart slugs
  95 orcs
  10 ball pythons
  6 bats
  7 endoplasms
  5 giant cockroaches
  12 goblins
  10 hobgoblins
  10 jackals
  11 kobolds
  3 quokkas
  13 frilled lizards
  A goblin skeleton (D:9)
  2 goblin zombies (D:9)
  A hobgoblin skeleton (D:9)
  2 hobgoblin zombies (D:9)
  4 orc skeletons (D:9)
  9 orc zombies (D:9)
  12 rats
  3 tentacles (Shoals:2)
960 creatures vanquished.

Vanquished Creatures (collateral kills)
  A merfolk aquamancer (Shoals:2)
  A deep elf knight (Elf:1)
2 creatures vanquished.

Vanquished Creatures (others)
  A snapping turtle (Shoals:4)
  73 fungi
  228 plants
  5 tentacles (Shoals:2)
307 creatures vanquished.

Grand Total: 1269 creatures vanquished

Notes
Turn   | Place    | Note
-------+----------+-------------------------------------------
     0 | D:1      | Shayle the Demonspawn Reaver began the quest for the Orb.
     0 | D:1      | Reached XP level 1. HP: 16/16 MP: 3/3
    89 | D:1      | You fall into a shaft and drop 1 floor!
   145 | D:1      | Gained mutation: You sometimes gain a little power by
                  | taking damage. [demonic ancestry]
   145 | D:1      | Reached XP level 2. HP: 22/22 MP: 5/5
   163 | D:1      | Reached skill level 1 in Stealth
   180 | D:1      | Reached skill level 1 in Armour
   369 | D:1      | Reached XP level 3. HP: 24/28 MP: 6/6
   755 | D:2      | Noticed Jessica
   783 | D:2      | Killed Jessica
   900 | D:1      | Gained mutation: You are surrounded by a mild repulsion
                  | field. (EV +2) [demonic ancestry]
   900 | D:1      | Reached XP level 4. HP: 28/34 MP: 7/7
  1498 | D:2      | Found an iron altar of Okawaru.
  1682 | D:3      | Found a glowing drain.
  1691 | Sewer    | Entered a sewer
  1827 | Sewer    | Learned a level 3 spell: Hailstorm
  1846 | Sewer    | Gained mutation: You have sharp fingernails. [demonic
                  | ancestry]
  1846 | Sewer    | Reached XP level 5. HP: 41/41 MP: 8/8
  2563 | D:3      | Found a radiant altar of Vehumet.
  3281 | D:4      | Gained mutation: You have very sharp fingernails. [demonic
                  | ancestry]
  3281 | D:4      | Reached XP level 6. HP: 42/48 MP: 9/9
  3319 | D:4      | Found a staircase to the Ecumenical Temple.
  3330 | Temple   | Entered the Ecumenical Temple
  3471 | Temple   | Became a worshipper of Ashenzari the Shackled
  3529 | D:4      | Upgraded the game from 0.30-a0-465-g8901f6c8b5 to
                  | 0.30-a0-469-g84de5afbc5
  3828 | D:4      | Found Poidut's Magic Scroll Boutique.
  3862 | D:4      | Bought a scroll of blinking for 90 gold pieces
  3899 | D:4      | Found a sacrificial altar of Ru.
  4091 | D:5      | Entered Level 5 of the Dungeon
  4492 | D:5      | Noticed a yak
  4492 | D:5      | Noticed a yak
  4492 | D:5      | Noticed a yak
  4521 | D:5      | Learned a level 3 spell: Stone Arrow
  4959 | D:5      | Noticed Edmund
  5000 | D:5      | Killed Edmund
  5001 | D:5      | Reached skill level 1 in Ice Magic
  5001 | D:5      | Reached skill level 1 in Earth Magic
  5001 | D:5      | Reached skill level 1 in Evocations
  5001 | D:5      | Reached XP level 7. HP: 24/55 MP: 9/11
  5635 | D:5      | Noticed Pikel
  5644 | D:6      | Reached * piety under Ashenzari
  5652 | D:6      | Killed Pikel
  5653 | D:6      | Reached skill level 5 in Fighting
  5653 | D:6      | Reached XP level 8. HP: 20/64 MP: 11/13
  7385 | D:6      | Reached ** piety under Ashenzari
  8074 | D:7      | Identified the +1 chain mail of Weyc {+Inv}
  8075 | D:7      | Found Osithrewk's Assorted Antiques.
  8079 | D:7      | Bought a bone wand for 112 gold pieces
  8192 | D:7      | Reached XP level 9. HP: 72/72 MP: 4/16
  8292 | D:7      | Noticed a kobold demonologist
  8296 | D:7      | Killed a kobold demonologist
  8297 | D:7      | Reached skill level 5 in Armour
  8657 | D:7      | Noticed a cyclops
  8814 | D:7      | Noticed Menkaure
  8855 | D:7      | Killed a cyclops
  9064 | D:8      | Noticed a troll
  9296 | D:8      | Upgraded the game from 0.30-a0-469-g84de5afbc5 to
                  | 0.30-a0-475-g03497ec522
  9441 | D:8      | Killed a troll
  9724 | D:8      | Found a staircase to the Lair.
  9959 | D:7      | Killed Menkaure
  9960 | D:7      | Reached skill level 5 in Spellcasting
 10146 | D:6      | Reached skill level 5 in Evocations
 10620 | D:8      | Gained mutation: You regenerate a little health from kills.
                  | [demonic ancestry]
 10620 | D:8      | Reached XP level 10. HP: 64/74 MP: 6/19
 10745 | D:8      | Found a shimmering blue altar of Sif Muna.
 12083 | Lair:1   | Entered Level 1 of the Lair of Beasts
 12114 | Lair:1   | Noticed a wolf spider
 12202 | Lair:1   | Noticed a cane toad
 12343 | Lair:1   | Reached skill level 5 in Ice Magic
 12587 | D:9      | Found a hazy altar of Hepliaklqana.
 12604 | D:9      | Reached skill level 5 in Earth Magic
 13964 | D:9      | Found a staircase to the Orcish Mines.
 14410 | D:9      | Reached XP level 11. HP: 79/89 MP: 9/22
 15074 | D:10     | Entered Level 10 of the Dungeon
 16166 | D:8      | Reached skill level 1 in Necromancy
 16290 | D:8      | Reached skill level 1 in Fire Magic
 16471 | Lair:1   | Noticed a wolf spider
 16988 | Lair:1   | Reached skill level 2 in Fire Magic
 17585 | Lair:1   | Noticed a five-headed hydra
 17590 | Lair:1   | Killed a five-headed hydra
 18055 | Lair:2   | Reached *** piety under Ashenzari
 18064 | Lair:2   | Found a dark tunnel.
 18069 | Volcano  | Entered a volcano
 18299 | Volcano  | Reached skill level 3 in Fire Magic
 18319 | Volcano  | Noticed a lindwurm
 18325 | Volcano  | Reached XP level 12. HP: 73/100 MP: 13/25
 18344 | Volcano  | Reached skill level 5 in Conjurations
 18580 | Volcano  | Noticed a fire dragon
 18588 | Volcano  | Learned a level 5 spell: Arcjolt
 18607 | Volcano  | Killed a fire dragon
 18879 | Lair:2   | Reached skill level 1 in Air Magic
 19388 | Lair:2   | Reached skill level 4 in Fire Magic
 20152 | Lair:3   | Found a staircase to the Snake Pit.
 20180 | Lair:2   | Reached skill level 5 in Necromancy
 21157 | Lair:3   | Noticed a death yak
 21191 | Lair:3   | Killed a death yak
 21214 | Lair:3   | Noticed a death yak
 21322 | Lair:3   | Noticed an eight-headed hydra
 21328 | Lair:3   | Killed an eight-headed hydra
 21577 | Lair:3   | Reached skill level 5 in Fire Magic
 21792 | Lair:3   | Noticed a death yak
 21848 | Lair:3   | Found a staircase to the Shoals.
 21911 | Lair:3   | Noticed a death yak
 22042 | Lair:2   | Learned a level 4 spell: Sticky Flame
 22098 | Lair:2   | Killed a death yak
 22232 | Lair:2   | Killed a death yak
 22233 | Lair:2   | Gained mutation: You have claws for hands. [demonic
                  | ancestry]
 22233 | Lair:2   | Reached XP level 13. HP: 105/108 MP: 11/26
 22814 | Lair:4   | Reached skill level 10 in Fighting
 23245 | Lair:4   | Reached skill level 6 in Fire Magic
 23397 | Lair:4   | Found a staircase to the Slime Pits.
 23397 | Lair:4   | Found a viscous altar of Jiyva.
 24223 | Lair:5   | Entered Level 5 of the Lair of Beasts
 24517 | Lair:5   | Reached skill level 7 in Fire Magic
 25089 | Lair:5   | Reached skill level 5 in Air Magic
 25216 | Lair:5   | Upgraded the game from 0.30-a0-475-g03497ec522 to
                  | 0.30-a0-476-g330ca2eb8e
 26090 | Lair:5   | Reached skill level 8 in Fire Magic
 26362 | Lair:5   | Reached XP level 14. HP: 115/120 MP: 14/28
 27331 | Lair:5   | Found a runed translucent door.
 27431 | Lair:5   | Paralysed by a hornet for 2 turns
 27913 | Lair:5   | Reached skill level 9 in Fire Magic
 29970 | D:11     | Identified the +5 ring mail "Zys Moit" {Will++ rCorr Int-4
                  | Stlth+}
 30497 | D:12     | Found a transporter.
 30498 | D:12     | Noticed a sphinx
 30499 | D:12     | Noticed Foxy's ghost (journeyman TeCj)
 30506 | D:12     | Found a transporter.
 30508 | D:12     | Noticed an orc warlord
 30571 | D:12     | Found a broken altar of Ashenzari.
 30612 | D:12     | Found Kabep's General Store.
 30931 | Orc:1    | Entered Level 1 of the Orcish Mines
 31424 | Orc:1    | Noticed an orc warlord
 31444 | D:9      | Killed an orc warlord
 31871 | Orc:1    | Reached skill level 10 in Fire Magic
 32589 | D:9      | Learned a level 8 spell: Ignition
 32718 | Shoals:1 | Entered Level 1 of the Shoals
 33603 | Shoals:1 | Reached skill level 11 in Fire Magic
 33866 | Shoals:1 | Reached XP level 15. HP: 121/127 MP: 16/29
 34771 | Orc:2    | Entered Level 2 of the Orcish Mines
 34903 | Orc:2    | Found a staircase to the Elven Halls.
 35163 | Orc:2    | Found Weabixkast's Antique Armour Shoppe.
 35163 | Orc:2    | Found Subefaunt's Magic Scroll Shop.
 35164 | Orc:2    | Found Qila's Assorted Antiques.
 35164 | Orc:2    | Found Muoluyh's Antique Armour Shoppe.
 35168 | Orc:2    | Reached skill level 12 in Fire Magic
 35168 | Orc:2    | Noticed Jorgrun
 35171 | Orc:2    | Reached skill level 13 in Fire Magic
 35171 | Orc:2    | Killed Jorgrun
 35330 | Orc:2    | Bought a scroll of blinking for 112 gold pieces
 35330 | Orc:2    | Bought a scroll of blinking for 112 gold pieces
 35330 | Orc:2    | Bought a scroll of teleportation for 45 gold pieces
 35330 | Orc:2    | Bought a scroll of teleportation for 45 gold pieces
 35331 | Orc:2    | Bought a colourful robe for 182 gold pieces
 35331 | Orc:2    | Identified the +2 robe of Fortification {rF+} (You bought
                  | it in a shop on level 2 of the Orcish Mines)
 35332 | Orc:2    | Bought a scroll of teleportation for 120 gold pieces
 35332 | Orc:2    | Bought a scroll of fear for 160 gold pieces
 36398 | D:13     | Identified the +5 kite shield of Yfiun {rC+ Dex+7 Stlth-}
 36402 | D:13     | Identified the Dissertation on the Altered Lithosphere
 36764 | D:13     | Reached **** piety under Ashenzari
 37011 | D:13     | Reached skill level 14 in Fire Magic
 37311 | D:13     | Found a gate to the Vaults.
 37724 | D:14     | Noticed Rupert
 37728 | D:14     | Paralysed by Rupert for 3 turns
 37745 | D:14     | Killed Rupert
 37796 | D:14     | Noticed Agnes
 37804 | D:14     | Found a gate leading to a gauntlet.
 37831 | Gauntlet | Entered a Gauntlet
 37831 | Gauntlet | Found a transporter.
 37977 | Gauntlet | Found a transporter.
 37977 | Gauntlet | Found a transporter.
 37979 | Gauntlet | Found a transporter.
 37988 | Gauntlet | Found a transporter.
 38003 | Gauntlet | Found a transporter.
 38009 | Gauntlet | Found a transporter.
 38030 | Gauntlet | Found a transporter.
 38045 | Gauntlet | Found a transporter.
 38055 | Gauntlet | Identified the +2 hat "Nout" {-Tele rF+ rC+++ Str-2}
 38057 | Gauntlet | Found a transporter.
 38069 | Gauntlet | Found a transporter.
 38081 | Gauntlet | Found a transporter.
 38082 | Gauntlet | Identified the ring "Ocranuab" {rPois rC+ Will+ Int+3
                  | Dex-5}
 38095 | Gauntlet | Found a transporter.
 38097 | Gauntlet | Found a transporter.
 38097 | Gauntlet | Found a transporter.
 38163 | Gauntlet | Found a transporter.
 38181 | Gauntlet | Found a transporter.
 38201 | Gauntlet | Found a transporter.
 39076 | Lair:1   | Reached ***** piety under Ashenzari
 39189 | Orc:2    | Bought a scroll of enchant armour for 112 gold pieces
 39400 | Shoals:1 | Reached skill level 15 in Fire Magic
 40068 | Shoals:2 | Noticed a kraken
 40083 | Shoals:2 | Killed a kraken
 40084 | Shoals:2 | Gained mutation: You are surrounded by a moderate repulsion
                  | field. (EV +3) [demonic ancestry]
 40084 | Shoals:2 | Reached XP level 16. HP: 98/136 MP: 19/31
 40214 | Shoals:2 | Found a transporter.
 40235 | Shoals:2 | Found a transporter.
 40942 | Shoals:3 | Noticed Ilsuiw
 41114 | Shoals:3 | Noticed Polyphemus
 41118 | Shoals:3 | Reached skill level 16 in Fire Magic
 41128 | Shoals:3 | Killed Ilsuiw
 41334 | Shoals:3 | Killed Polyphemus
 42544 | Shoals:4 | Entered Level 4 of the Shoals
 42602 | Shoals:4 | Noticed Nikola
 42769 | Shoals:4 | Noticed Aizul
 42904 | Shoals:4 | Noticed Donald
 43156 | Shoals:3 | Learned a level 6 spell: Statue Form
 43766 | Shoals:4 | Reached skill level 1 in Transmutations
 43924 | Shoals:4 | Reached skill level 1 in Shields
 44478 | Elf:1    | Entered Level 1 of the Elven Halls
 44688 | Elf:1    | Reached skill level 17 in Fire Magic
 45759 | Elf:1    | Found a radiant altar of Vehumet.
 45895 | Elf:1    | Reached skill level 5 in Transmutations
 46082 | Elf:1    | Gained mutation: You are surrounded by a strong repulsion
                  | field. (EV +4, RMsl) [demonic ancestry]
 46082 | Elf:1    | Reached XP level 17. HP: 140/140 MP: 9/31
 46122 | Elf:1    | Identified the cursed +1 pair of boots of the Ensconced
                  | Planets {rampage, Bglg, Self} (You found it in a volcano)
 46122 | Elf:1    | Identified the cursed +1 troll leather armour "Malaise of
                  | Ashenzari" {Regen+, Elem, Fort} (You found it on level 10
                  | of the Dungeon)
 47007 | Elf:1    | Identified the +1 robe "Nycimot" {Regen+ Str+2}
 47157 | Elf:2    | Identified the ring "Bihesequ" {rElec rC+ AC+4 Str+3}
 47202 | Elf:2    | Shot with a bolt by a +0 arbalest

Illustrated notes

Levels and vault maps discovered:
D:1:      spicycebolla_arrival_ecumenical, layout_basic
D:2:      layout_rooms, serial_glass, glass_columns_a, glass_columns_b,
          basic_altar, minmay_misc_feat_tower, grunt_decor_clamped, uniq_jessica
D:3:      kennysheep_six_static_rooms, layout_basic,
          lemuel_coloured_pillars_altar, cheibrodos_sewer_entry_bend
D:4:      layout_cave_pools, lemuel_doored_altar,
          minmay_temple_entry_mini_moons, serial_shops, shop_statue
D:5:      layout_basic, uniq_pikel, uniq_edmund
D:6:      layout_gridville, minmay_misc_feat_iff
D:7:      layout_rooms, serial_shops, shop, uniq_menkaure
D:8:      layout_basic, tgw_sif, erik_lair_island
D:9:      layout_small_grid, mainiacjoe_overflow_catwalk, zombieorc1_lemuel,
          chequers_avenue
D:10:     layout_loops_ring, grunt_decor_mini_mirrors
D:11:     layout_basic
D:12:     layout_cave_pools, serial_shops, kennysheep_mini_moat,
          gammafunk_ghost_arena, cheibrodos_ashenzari_chains
D:13:     layout_loops_ring, david_vaults_5, kennysheep_flooded_box
D:14:     layout_big_octagon, gauntlet_entry_generic, uniq_rupert, uniq_agnes
Temple:   regret_index_temple_mists
Lair:1:   minmay_lair_venomous_thicket, layout_cave_pods, serial_bayou_shore_a,
          lemuel_fruit_fields
Lair:2:   layout_cave_pods, enter_volcano_4
Lair:3:   layout_regular_city, minmay_shoals_entry_beasts,
          minmay_snake_entry_guardpost_small, nicolae_quartered_pool_impasse,
          grunt_megastairs_5
Lair:4:   layout_loops_ring, slime_entry_1
Lair:5:   hangedman_lair_caniforms_friends, layout_gridlike, wormcave
Shoals:1: layout_shoals
Shoals:2: gammafunk_sealed_arena, layout_shoals,
          nicolae_shoals_kraken_intersection
Shoals:3: layout_shoals, uniq_polyphemus, uniq_ilsuiw
Shoals:4: shoals_end_hangedman, layout_shoals, uniq_donald, uniq_nikola,
          uniq_aizul
Orc:1:    layout_diamond_mine, minmay_orc_temple_c
Orc:2:    st_orc_ogre_mass, layout_diamond_mine, uniq_jorgrun
Elf:1:    minmay_guarded_unrand_folly, layout_geoelf_octagon,
          nicolae_elf_theology_debate
Elf:2:    elven_hall_of_blades_hangedman_original [nicolae_blade_bullseye],
          layout_onion_city, ebering_ghost_gozag, serial_shops, bzr_entry_water,
          uniq_zenata

Skill      XL: |  1  2  3  4  5  6  7  8  9 10 11 12 13 14 15 16 17 |
---------------+----------------------------------------------------+-----
Stealth        | 1 2 3 |  3.4
Armour         | 1 2 3 4 5 6 7 |  7.8
Fighting       | 3 4 5 6 7 8 9 10 11 | 11.6
Ice Magic      | 1 2 3 4 5 |  5.7
Earth Magic    | 1 2 3 4 5 6 7 8 |  8.3
Evocations     | 1 2 3 5 6 |  6.3
Spellcasting   | 3 4 5 6 7 |  7.4
Necromancy     | 3 6 7 |  7.6
Fire Magic     | 3 5 8 11 15 17 | 17.2
Conjurations   | 4 6 8 9 |  9.3
Air Magic      | 3 5 6 |  6.9
Transmutations | 5 |  5.9
Shields        | 3 4 |  4.0
Axes           | |  2.6
Dodging        | |  1.7

Action                   |  1- 3 |  4- 6 |  7- 9 | 10-12 | 13-15 | 16-18 || total
-------------------------+-------+-------+-------+-------+-------+-------++-------
Melee: Hand axe          |   120 |       |       |       |       |       ||   120
       Club              |    13 |   358 |   192 |    14 |       |       ||   577
       Punch             |     2 |     6 |       |     2 |    10 |       ||    20
       Dagger            |       |    26 |    37 |   286 |       |       ||   349
       War axe           |       |       |       |    48 |       |    34 ||    82
       Flail             |       |       |       |     9 |   562 |    47 ||   618
       Staff             |       |       |       |       |       |    16 ||    16
 Cast: Stone Arrow       |       |       |   116 |   337 |   471 |   151 ||  1075
       Hailstorm         |       |       |     1 |    28 |    42 |       ||    71
       Arcjolt           |       |       |       |    12 |    81 |     1 ||    94
       Sticky Flame      |       |       |       |       |    21 |    17 ||    38
       Ignition          |       |       |       |       |     8 |    49 ||    57
       Statue Form       |       |       |       |       |       |     1 ||     1
Invok: Curse Item        |       |     1 |     2 |     2 |     4 |       ||     9
       Shatter the Chain |       |       |       |       |     2 |       ||     2
Evoke: Wand              |       |       |     1 |    13 |    18 |    37 ||    69
       Phantom mirror    |       |       |       |       |     1 |     3 ||     4
  Use: Scroll            |       |    14 |     2 |     5 |     7 |     5 ||    33
       Potion            |       |     1 |     2 |     5 |     8 |     8 ||    24
 Stab: Sleeping          |     2 |     8 |       |     2 |     1 |       ||    13
       Paralysed         |       |       |       |     3 |     5 |       ||     8
Armor: Leather armour    |    61 |   154 |   137 |   195 |       |       ||   547
       Troll leather arm |       |       |       |    89 |   645 |    76 ||   810
       Skin              |       |       |       |       |       |    24 ||    24
Dodge: Dodged            |   104 |   285 |   226 |   472 |   864 |   131 ||  2082
       Repelled          |       |       |       |       |       |     1 ||     1

Table legend: (Time is in decaauts)
 A = Elapsed time spent in this place.
 B = Non-inter-level travel time spent in this place.
 C = Inter-level travel time spent in this place.
 D = Time resting spent in this place.
 E = Time spent auto-exploring this place.
 F = Levels seen in this place.
 G = Mean time per level.
                   A        B        C        D        E       F      G
               +--------+--------+--------+--------+--------+-----+--------+
         Total |  48144 |  44870 |   3274 |  18395 |  15146 |  31 | 1553.0 |
       Dungeon |  20487 |  18893 |   1594 |   6599 |   7467 |  14 | 1463.4 |
        Temple |    212 |    191 |     21 |      0 |    141 |   1 |  212.0 |
          Lair |  13078 |  12187 |    891 |   5024 |   4246 |   5 | 2615.6 |
        Shoals |   6258 |   5755 |    503 |   3067 |   1653 |   4 | 1564.5 |
  Orcish Mines |   3652 |   3423 |    229 |   1800 |    882 |   2 | 1826.0 |
   Elven Halls |   2124 |   2090 |     34 |    940 |    488 |   2 | 1062.0 |
         Sewer |    616 |    616 |      0 |    120 |    157 |   1 |  616.0 |
       Volcano |    708 |    708 |      0 |    306 |    104 |   1 |  708.0 |
      Gauntlet |   1004 |   1004 |      0 |    538 |      7 |   1 | 1004.0 |
               +--------+--------+--------+--------+--------+-----+--------+

Top non-repeatable levels by time:
  Lair:5: 3653 daAuts
     D:9: 3401 daAuts
     D:8: 3075 daAuts
Shoals:3: 2497 daAuts
  Lair:1: 2475 daAuts
  Lair:3: 2402 daAuts
  Lair:2: 2294 daAuts
  Lair:4: 2252 daAuts
     D:6: 2174 daAuts
     D:5: 2083 daAuts
   Elf:1: 2068 daAuts
   Orc:1: 2022 daAuts
Shoals:1: 1964 daAuts
    D:13: 1739 daAuts
   Orc:2: 1629 daAuts
